 Dungeon Crawl Stone Soup version 0.31-a0-643-g9d45dd1 (webtiles) character file.

Game seed: 12345517385185033099

348035 BarneyGumball the Devastator (level 21, -14/243 HPs)
             Began as a Demonspawn Conjurer on Aug 28, 2023.
             Was an Initiate of Gozag.
             Killed from afar by a golden dragon (57 damage)
             ... with a bolt of fire
             ... on level 3 of the Depths.
             The game lasted 05:58:39 (56051 turns).

BarneyGumball the Devastator (Demonspawn Conjurer) Turns: 56051, Time: 05:58:39

Health: -14/243    AC: 30    Str:  8    XL:     21   Next: 22%
Magic:  0/41       EV:  2    Int: 34    God:    Gozag
Gold:   773        SH:  0    Dex: 16    Spells: 19/52 levels left

rFire   . . .        k - +3 short sword (elec)
rCold   . . .        (no shield)
rNeg    . . .        f - melded +0 leather armour of Bitterness {Regen+ Int+4 Stlth+}
rPois   +            G - melded +2 hat {Will+}
rElec   .            g - melded scarf of the Slightly Bent {repulsion, rC+}
rCorr   .            (gloves unavailable)
SInv    +            (boots currently unavailable)
Will    +....        d - amulet of magic regeneration
Stlth   +++          O - ring of see invisible
HPRegen 0.60/turn    M - +6 ring of intelligence
MPRegen 0.94/turn

%: guardian spirit
@: lethally poisoned (-14 -> -14), tree-form, gold aura, hasted, studying
Translocations, very quick
A: stationary, stasis, torment immunity, boosted hp, (spiny 2), augmentation 1,
magic shield, magic regeneration, (sanguine armour 3), (demonic touch 3), agile
1
}: 2/15 runes: decaying, serpentine
a: Renounce Religion, Potion Petition, Call Merchant, Bribe Branch


You were on level 3 of the Depths.
You worshipped Gozag.
Gozag was pleased with you.
You were a tree.
You visited 7 branches of the dungeon, and saw 38 of its levels.
You visited 1 bazaar.
You also visited: Sewer.

You collected 18231 gold pieces.
You spent 5913 gold pieces at shops.
You paid 11545 gold pieces to Gozag.

Inventory:

Hand Weapons
 k - a +3 short sword of electrocution (weapon)
Missiles
 U - 5 silver javelins
Armour
 f - the +0 leather armour of Bitterness (melded) {Regen+ Int+4 Stlth+}
   (You bought it in a shop on level 4 of the Vaults)

   Int+4:     It affects your intelligence (+4).
   Regen+:    It increases your rate of health regeneration.
   Stlth+:    It makes you more stealthy.
 g - the scarf of the Slightly Bent (melded) {repulsion, rC+}
   (You acquired it on level 3 of the Snake Pit)

   rC+:       It protects you from cold.
 D - a +0 cloak of willpower
 E - the +1 robe of Anaesthesia {rPois}
   (You bought it in a shop on level 2 of the Orcish Mines)

   rPois:     It protects you from poison
 G - a +2 hat of willpower (melded)
 Y - the orb of Kasost {*channel, rPois}
   (You bought it in a shop on level 11 of the Dungeon)

   rPois:     It protects you from poison
Jewellery
 d - an amulet of magic regeneration (around neck)
 e - a ring of magical power
 q - a ring of flight
 u - the ring "Gutroi" {Fire Contam rN++ Will+ Stlth+}
   (You found it on level 5 of the Dungeon)

   [ring of fire]

   Fire:      It enhances your fire magic.
   rF+:       It protects you from fire.
   rC-:       It makes you vulnerable to cold.
   rN++:      It greatly protects you from negative energy.
   Will+:     It increases your willpower.
   Contam:    It causes magical contamination when unequipped.
   Stlth+:    It makes you more stealthy.
 z - a ring of willpower
 C - an amulet of regeneration
 M - a +6 ring of intelligence (right branch)
 N - a ring of protection from fire
 O - a ring of see invisible (left branch)
 Q - a +6 ring of strength
 X - a ring of positive energy
Wands
 a - a wand of polymorph (18)
 j - a wand of flame (42)
 o - a wand of roots (30)
 r - a wand of mindburst (6)
 K - a wand of paralysis (20)
 P - a wand of quicksilver (14)
Scrolls
 i - 5 scrolls of enchant armour
 l - 7 scrolls of teleportation
 m - 4 scrolls of revelation
 p - 9 scrolls of amnesia
 s - 10 scrolls of fear
 t - 4 scrolls of immolation
 w - 5 scrolls of fog
 x - 5 scrolls of silence
 y - 3 scrolls of brand weapon
 J - 8 scrolls of enchant weapon
 L - 4 scrolls of poison
 T - 2 scrolls of vulnerability
 W - 3 scrolls of blinking
Potions
 b - 2 potions of heal wounds
 c - 5 potions of curing
 h - 3 potions of brilliance
 n - 2 potions of attraction
 v - 5 potions of might
 A - 4 potions of haste
 B - 5 potions of cancellation
 F - 5 potions of enlightenment
 I - a potion of mutation
 R - 3 potions of berserk rage
 S - 5 potions of lignification
 V - a potion of ambrosia
 Z - a potion of resistance
Miscellaneous
 H - a phantom mirror


   Skills:
 - Level 13.0 Fighting
 - Level 10.0 Short Blades
 - Level 4.0 Armour
 - Level 11.2 Dodging
 - Level 6.0 Stealth
 + Level 9.9 Shields
 - Level 16.0 Spellcasting
 + Level 16.6 Conjurations
 - Level 5.0 Hexes
 - Level 7.0 Summonings
 - Level 3.6 Translocations
 - Level 8.0 Fire Magic
 - Level 8.2 Ice Magic
 + Level 15.2 Air Magic


You had 19 spell levels left.
You knew the following spells:

 Your Spells              Type           Power      Damage    Failure   Level
a - Magic Dart            Conj           100%       1d8       0%          1
b - Summon Small Mammal   Summ           100%       N/A       1%          1
c - Call Canine Familiar  Summ           65%        N/A       1%          3
d - Searing Ray           Conj           100%       2d8       0%          2
e - Summon Guardian Gole  Hex/Summ       61%        N/A       1%          3
f - Plasma Beam           Fire/Air       41%        2x1d55    1%          6
g - Ensorcelled Hibernat  Hex/Ice        100%       N/A       1%          2
h - Ozocubu's Armour      Ice            70%        N/A       1%          3
i - Freezing Cloud        Conj/Ice/Air   43%        6-21      1%          5
j - Blink                 Tloc           100%       N/A       1%          2
k - Passwall              Tmut/Erth      22%        N/A       2%          2
l - Tukima's Dance        Hex            57%        N/A       1%          3

Your spell library contained the following spells:

 Spells                   Type           Power      Damage    Failure   Level
 Foxfire                  Conj/Fire      100%       2x1d9     0%          1
 Swiftness                Air            92%        N/A       0%          3
 Apportation              Tloc           100%       N/A       1%          1
 Necrotise                Necr           100%       1d9       1%          1
 Cigotuvi's Dreadful Rot  Necr/Pois/Air  100%       N/A       1%          2
 Lesser Beckoning         Tloc           100%       N/A       1%          2
 Dazzling Flash           Conj/Hex       100%       N/A       1%          3
 Hailstorm                Conj/Ice       84%        3d17      1%          3
 Ignite Poison            Fire/Tmut/Pois 45%        N/A       1%          3
 Inner Flame              Hex/Fire       63%        N/A       1%          3
 Portal Projectile        Hex/Tloc       100%       N/A       1%          3
 Stone Arrow              Conj/Erth      100%       3d13      1%          3
 Volatile Blastmotes      Fire/Tloc      100%       2d18      1%          3
 Flame Wave               Conj/Fire      84%        2d18      1%          4
 Fulminant Prism          Conj/Hex       39%        3d17      1%          4
 Iskenderun's Mystic Bla  Conj/Tloc      77%        2d15      1%          4
 Sticky Flame             Conj/Fire      84%        2d10      1%          4
 Summon Ice Beast         Ice/Summ       68%        N/A       1%          4
 Vhi's Electric Charge    Tloc/Air       100%       N/A       1%          4
 Metabolic Englaciation   Hex/Ice        32%        N/A       2%          5
 Animate Armour           Summ/Erth      100%       N/A       3%          4
 Manifold Assault         Tloc           51%        N/A       3%          4
 Vampiric Draining        Necr           27%        2d7       4%          3
 Anguish                  Hex/Necr       22%        N/A       4%          4
 Leda's Liquefaction      Hex/Erth       22%        N/A       4%          4
 Olgreb's Toxic Radiance  Pois           27%        N/A       14%         4
 Agony                    Necr           27%        N/A       36%         5
 Ozocubu's Refrigeration  Ice            35%        4d15      38%         7
 Chain Lightning          Conj/Air       47%        3d62      91%         9
 Lehudib's Crystal Spear  Conj/Erth      35%        10d9      97%         8
 Ignition                 Fire           34%        3d11      98%         8
 Discord                  Hex            28%        N/A       100%        8
 Fire Storm               Conj/Fire      42%        8d11      100%        9
 Shatter                  Erth           13%        3d14*     100%        9
 Simulacrum               Ice/Necr       Unusable   N/A       N/A         6

Dungeon Overview and Level Annotations

Branches:
Dungeon (15/15)            Temple (0/1) D:5            Lair (5/5) D:11
  Swamp (4/4) Lair:2        Snake (4/4) Lair:2        Slime (0/5) Lair:5
    Orc (2/2) D:10            Elf (0/3) Orc:2        Vaults (4/5) D:14
  Crypt (0/3) Vaults:2     Depths (4/4) D:15          Sewer (visited)
    Zot: Depths:4

Altars:
Dithmenos
Fedhas
Gozag
Hepliaklqana
Kikubaaqudgha
Makhleb
Okawaru
Trog
Wu Jian
Xom
Jiyva

Shops:
D:3 (   D:10 (   D:11 :=(*[   D:14 *   Orc:2 [[([   Snake:4 :   Vaults:2 ![*
Vaults:4 [:[   Depths:3 !   Depths:4 [

Portals:
Hell: Depths:1 Depths:2 Depths:4
Pandemonium: Depths:2

Annotations:
D:3 1 runed translucent door, Radamante's ghost, amateur HOFi; Sigmund
D:5 1 runed translucent door, Dega's ghost, novice SpHu
D:7 1 runed translucent door, Crazy Yiuf
D:8 2 runed translucent doors
D:10 4 runed translucent doors
D:13 1 transporter
Lair:5 exclusion: oklob plant, Rupert
Vaults:2 1 runed translucent door, Muimask's ghost, adept HOFi
Vaults:3 Jory
Depths:1 1 runed translucent door, Ymenux's ghost, veteran MiCA


Innate Abilities, Weirdness & Mutations

You are a tree.
Your roots penetrate the ground, keeping you stationary.
You cannot be teleported.
You are immune to unholy pain and torment.
Your maximum health is greatly increased.
Your equipment is partially melded.
((You are mostly covered in sharp spines.))
Your magical and physical power is slightly enhanced at high health.
When hurt, damage is shared between your health and your magic reserves.
You regenerate magic rapidly.
((When seriously injured, your blood forms very thick armour. (AC +0)))
((Your touch may irresistibly damage your foes and sap their willpower.))
You are agile. (Dex +4, Str/Int -1)


Message History

[c] - 230 gold - haste Purchase which effect?
You feel much better.
Your guardian golem is engulfed in freezing vapours.
You hit the golden dragon.
The golden dragon is lightly wounded.
You feel sick. The golden dragon bites you.
* * * LOW HITPOINT WARNING * * *
The golden dragon claws you.
* * * LOW HITPOINT WARNING * * *
The golden dragon tramples you but does no damage.
The entropy weaver is engulfed in freezing vapours.
You hit the golden dragon.
The golden dragon is lightly wounded.
You hit the golden dragon but do no damage.
The golden dragon is lightly wounded.
Your guardian golem is engulfed in freezing vapours.
You puncture the golden dragon!
The golden dragon is moderately wounded.
You feel sick.
The entropy weaver is engulfed in freezing vapours.
The golden dragon is engulfed in freezing vapours.
The golden dragon bites you!
* * * LOW HITPOINT WARNING * * *
The golden dragon claws you.
* * * LOW HITPOINT WARNING * * *
The golden dragon completely misses you.
You hit the golden dragon.
The golden dragon is moderately wounded.
You hit the golden dragon but do no damage.
The golden dragon is moderately wounded.
Your guardian golem is engulfed in freezing vapours.
You hit the golden dragon but do no damage.
The golden dragon is moderately wounded.
You feel sick.
The entropy weaver is distracted by your dazzling golden aura.
The golden dragon breathes fire at you. The bolt of fire hits you!!!
You die...
Your body crumbles into a pile of gold.

#............# #............####'
#...............'.
#...#...........#+#.
#................... #..
#................... #88#
#............§...... ....8
#...##.......§§§§..........
.....##...##§§B.♣.§§§§§..........
..........§§§§...D§§§§§#.........
...........§§§).§9§§§§§.#........
#.......#..#.#....§§...........
#.#....##.##.##..§§§§§.........
##..#####...##.§§§§○.........
#.#. #...##..§§§§......... ## #.
#...##...##§.#....... ##
##.###......####.#...


You could see a golden dragon (catching breath, ally target), an entropy weaver
shaped shifter (unaware) and a friendly guardian golem (summoned).

Vanquished Creatures
  A juggernaut (Depths:2)
  Saint Roka (Depths:4)
  Nikola (Swamp:4)
  Mlioglotl (Swamp:4)
  Asterion (Snake:4)
  4 liches
  3 tentacled monstrosities
  2 quicksilver dragons
  A titan (Vaults:4)
  A walking frostbound tome (Depths:2)
  2 sphinxes
  Kirke (Snake:4)
  4 tengu reavers
  Agnes (D:15)
  2 shadow dragons
  Aizul (Swamp:2)
  Gastronok (D:12)
  A fenstrider witch (Swamp:2)
  A nagaraja (Snake:4)
  A deep elf sorcerer (Vaults:2)
  A storm dragon (Depths:4)
  7 frost giants
  8 fire giants
  An iron dragon (Vaults:4)
  11 ironbound preservers
  11 vault wardens
  3 orc warlords
  15 very ugly things
  3 spriggan defenders (Depths:2)
  12 stone giants
  3 vampire knights (Vaults:2)
  2 ironbound thunderhulks
  2 deep elf demonologists
  3 dire elephants (Vaults:2)
  5 eleionomae
  Azrael (D:12)
  5 spark wasps
  2 green deaths (Swamp:4)
  7 bunyips
  An eidolon (Vaults:2)
  4 ettins
  7 yaktaur captains
  4 fire dragons
  3 great orbs of eyes
  5 ice dragons
  16 hydras
  An entropy weaver (Vaults:4)
  3 salamander tyrants (Snake:4)
  7 vault guards
  2 ghost crabs
  11 ironbound frosthearts
  2 rakshasas
  4 spriggan air magi (Depths:2)
  2 death knights
  8 alligators
  A peacekeeper (Vaults:3)
  6 deep troll earth magi
  3 boulder beetles
  A catoblepas (Lair:5)
  14 centaur warriors
  2 two-headed ogres
  A merfolk avatar (Lair:5)
  2 anacondas
  A vampire mage (Depths:2)
  4 deep troll shamans (Depths:2)
  4 death yaks
  A demonic crawler (D:13)
  An orc high priest (Orc:1)
  5 tengu warriors
  9 naga warriors
  A titan zombie (Depths:2)
  4 spriggan berserkers
  5 hell knights (Depths:3)
  4 salamander mystics
  3 iron trolls (Depths:2)
  7 shock serpents
  Nergalle (Lair:2)
  8 naga sharpshooters
  A soul eater (Depths:2)
  2 skysharks
  41 deep trolls
  5 goliath frogs
  A death drake (Swamp:4)
  2 skeletal warriors
  A flayed ghost (Depths:1)
  8 swamp dragons (Swamp:4)
  A spriggan druid (Swamp:4)
  5 glowing orange brains
  9 wizards
  10 bog bodies
  2 phantasmal warriors
  8 lindwurms
  3 necromancers
  6 orc knights
  10 ironbound convokers
  12 harpies
  3 orc sorcerers
  44 ugly things
  A manticore (Lair:5)
  6 mana vipers
  12 salamanders
  A frost giant skeleton (Vaults:1)
  A salamander (shapeshifter) (Depths:3)
  4 large abominations (Swamp:4)
  A will-o-the-wisp (Swamp:4)
  17 elephants
  4 cyclopes
  15 naga magi
  5 guardian serpents
  24 black mambas
  12 vault sentinels
  2 torpor snails
  2 gargoyles
  3 orange demons (Swamp:4)
  4 efreet
  Maggie (Lair:1)
  Psyche (D:8)
  8 cane toads
  A rime drake (Lair:5)
  6 komodo dragons
  22 yaktaurs
  A kobold demonologist (D:12)
  4 freezing wraiths
  2 tengu conjurers (Depths:2)
  4 polar bears
  9 tyrant leeches
  2 wind drakes (Lair:5)
  5 trolls
  Prince Ribbit (D:8)
  13 hornets
  A hornet (shapeshifter) (D:15)
  15 dream sheep
  9 blink frogs
  2 snapping turtles (Lair:5)
  38 slime creatures
  12 spriggans
  A vampire (D:11)
  5 wraiths
  42 yaks
  A culicivora (shapeshifter) (D:14)
  7 wyverns
  2 humans
  2 basilisks
  3 hogs (Snake:4)
  A golden eye (shapeshifter) (D:15)
  5 steam dragons
  3 fire elementals (D:12)
  2 redbacks (Vaults:4)
  7 vampire mosquitoes
  2 dancing weapons
  A warg (Orc:1)
  24 nagas
  15 water moccasins
  13 swamp worms
  3 hell hounds (D:12)
  A floating eye (shapeshifter) (Vaults:3)
  A glowing shapeshifter skeleton (Depths:2)
  5 swamp drakes
  An ice beast (D:5)
  40 orc warriors
  A human zombie (Vaults:1)
  5 black bears
  2 boggarts (D:8)
  8 ogres
  34 centaurs
  21 wolves
  A human skeleton (Vaults:1)
  A phantom (D:7)
  A kobold brigand (D:10)
  2 scorpions
  11 bullfrogs
  3 gnoll sergeants
  A glowing shapeshifter simulacrum (Depths:2)
  5 wights
  16 killer bees
  6 howler monkeys
  2 crimson imps (D:11)
  21 orc priests
  2 gnoll boudas
  3 hounds
  2 jellies (D:6)
  A sleepcap (D:7)
  3 iguanas
  Jessica (D:3)
  A hell rat (Sewer)
  14 orc wizards
  Terence (D:3)
  Robin (D:3)
  34 gnolls
  10 adders
  3 river rats
  2 shadow imps
  A white imp (D:6)
  An ufetubus (D:4)
  98 orcs
  6 bats
  An endoplasm (D:2)
  A giant cockroach (D:1)
  15 goblins
  10 hobgoblins
  2 quokkas
  4 ball pythons
  A frilled lizard (D:1)
  9 kobolds
  12 rats
1313 creatures vanquished.

Vanquished Creatures (collateral kills)
  Mara (Snake:4)
  An ironbound thunderhulk (D:14)
  An ironbound preserver (Vaults:3)
  A formless jellyfish (Vaults:1)
  A crystal guardian (Vaults:3)
  A fire dragon (Depths:4)
  A ghost crab (Swamp:2)
  A hydra (Lair:5)
  An ironbound frostheart (Vaults:3)
  A deep troll shaman (Depths:1)
  A centaur warrior (Vaults:1)
  A naga warrior (Snake:3)
  A deep troll earth mage (Depths:1)
  A shock serpent (Snake:4)
  A spriggan druid (Swamp:4)
  3 deep trolls
  3 skysharks
  A harpy (Vaults:2)
  A lindwurm (Vaults:1)
  An ugly thing (Vaults:3)
  A manticore (Lair:5)
  2 elephants
  A naga mage (Snake:2)
  3 vault sentinels
  A cane toad (Lair:2)
  5 rime drakes
  A yaktaur (Vaults:2)
  A troll (D:6)
  2 dream sheep (Lair:5)
  4 shadows
  A vampire (D:13)
  A wyvern (Lair:1)
  9 yaks
  A warg (D:10)
  A naga (Lair:2)
  3 water moccasins
  2 hell hounds (D:12)
  An orc warrior (Orc:2)
  A sky beast (D:6)
  2 ogres
  6 wolves
  6 centaurs
  A bullfrog (Lair:2)
  4 wights
  2 crimson imps (D:11)
  An iguana (D:5)
  4 orc wizards
  8 gnolls
  6 orcs (D:10)
  2 rats (Sewer)
107 creatures vanquished.

Vanquished Creatures (others)
  A golden dragon (Depths:2)
  A frost giant (Vaults:3)
  A two-headed ogre (D:8)
  A phantasmal warrior (Vaults:2)
  An ugly thing (Swamp:4)
  A manticore (D:11)
  2 black mambas
  A komodo dragon (Lair:3)
  3 bloated husks
  A polar bear (Lair:4)
  2 dream sheep (Lair:3)
  5 dancing weapons
  A wyvern (Lair:2)
  A basilisk (D:11)
  A yak (D:11)
  A water moccasin (D:11)
  A human (D:4)
  6 foxfires (Swamp:4)
31 creatures vanquished.

Grand Total: 1451 creatures vanquished

Notes
Turn   | Place    | Note
-------+----------+-------------------------------------------
     0 | D:1      | BarneyGumball the Demonspawn Conjurer began the quest for
                  | the Orb.
     0 | D:1      | Reached XP level 1. HP: 13/13 MP: 3/3
   479 | D:1      | Reached skill level 1 in Summonings
   479 | D:1      | Gained mutation: When seriously injured, your blood forms
                  | armour. (AC +0) [demonic ancestry]
   479 | D:1      | Reached XP level 2. HP: 19/19 MP: 3/5
   481 | D:1      | Learned a level 1 spell: Summon Small Mammal
   941 | D:2      | Gained mutation: When seriously injured, your blood forms
                  | thick armour. (AC +0) [demonic ancestry]
   941 | D:2      | Reached XP level 3. HP: 24/24 MP: 6/6
  1232 | D:2      | Gained mutation: Your touch may inflict minor irresistible
                  | damage on your foes. [demonic ancestry]
  1232 | D:2      | Reached XP level 4. HP: 30/30 MP: 5/8
  1459 | D:3      | Noticed Terence
  1483 | D:3      | Killed Terence
  1587 | D:3      | Learned a level 2 spell: Searing Ray
  1588 | D:3      | Noticed Robin
  1602 | D:3      | Killed Robin
  1636 | D:3      | Reached XP level 5. HP: 35/35 MP: 6/9
  1662 | D:3      | Found Zeeffig's Antique Weapon Shop.
  1736 | D:3      | Learned a level 3 spell: Call Canine Familiar
  1841 | D:3      | Noticed Sigmund
  1969 | D:3      | Reached skill level 1 in Short Blades
  2042 | D:3      | Gained mutation: Your touch may inflict irresistible damage
                  | on your foes. [demonic ancestry]
  2042 | D:3      | Reached XP level 6. HP: 38/41 MP: 11/11
  2248 | D:3      | Noticed Jessica
  2253 | D:3      | Killed Jessica
  2273 | D:3      | Found an opulent altar of Gozag.
  2281 | D:3      | Became a worshipper of Gozag Ym Sagoz the Greedy
  2431 | D:3      | Reached skill level 5 in Summonings
  2556 | D:3      | Found a runed translucent door.
  2556 | D:3      | Noticed Radamante's ghost (amateur HOFi)
  2838 | D:4      | Found an ancient bone altar of Kikubaaqudgha.
  2839 | D:4      | Noticed a human
  2842 | D:4      | Killed a human
  3171 | D:4      | Found an iron altar of Okawaru.
  3180 | D:4      | Gained mutation: You regenerate magic rapidly. [demonic
                  | ancestry]
  3180 | D:4      | Reached XP level 7. HP: 46/46 MP: 8/13
  3444 | D:5      | Entered Level 5 of the Dungeon
  3460 | D:5      | Reached skill level 1 in Fighting
  3515 | D:5      | Found a bloodstained altar of Trog.
  3542 | D:5      | Found a staircase to the Ecumenical Temple.
  3559 | D:5      | Found a shadowy altar of Dithmenos.
  3763 | D:5      | Identified the ring "Gutroi" {Fire Contam rN++ Will+
                  | Stlth+}
  3787 | D:5      | Gained mutation: You are partially covered in sharp spines.
                  | [demonic ancestry]
  3787 | D:5      | Reached XP level 8. HP: 56/56 MP: 8/14
  3818 | D:5      | Found a hazy altar of Hepliaklqana.
  3860 | D:5      | Reached skill level 1 in Hexes
  4302 | D:5      | Found a runed translucent door.
  4516 | D:5      | Noticed Dega's ghost (novice SpHu)
  4845 | D:6      | Reached skill level 5 in Spellcasting
  4866 | D:6      | Noticed a troll
  4882 | D:6      | Killed a troll
  4988 | D:6      | Reached XP level 9. HP: 50/64 MP: 13/16
  5090 | D:6      | Found a glowing drain.
  5110 | Sewer    | Entered a sewer
  6591 | D:7      | Reached skill level 5 in Short Blades
  6727 | D:7      | Found a runed translucent door.
  6728 | D:7      | Noticed Crazy Yiuf
  7119 | D:8      | Noticed Prince Ribbit
  7138 | D:8      | Reached skill level 1 in Ice Magic
  7138 | D:8      | Reached skill level 1 in Air Magic
  7143 | D:8      | Reached skill level 5 in Fighting
  7143 | D:8      | Reached skill level 5 in Dodging
  7143 | D:8      | Killed Prince Ribbit
  7346 | D:8      | Reached XP level 10. HP: 73/74 MP: 17/19
  7437 | D:8      | Found a large runed translucent door.
  7438 | D:8      | Found a large runed translucent door.
  7450 | D:8      | Learned a level 3 spell: Summon Guardian Golem
  7619 | D:8      | Learned a level 2 spell: Passwall
  7691 | D:8      | Noticed a two-headed ogre
  7695 | D:8      | Noticed a two-headed ogre
  7696 | D:8      | Noticed Psyche
  7973 | D:8      | Killed a two-headed ogre
  7974 | D:8      | Reached skill level 5 in Conjurations
  7977 | D:8      | Killed a two-headed ogre
  8145 | D:8      | Killed Psyche
  8789 | D:9      | Paralysed by a hornet for 3 turns
  8805 | D:9      | Reached skill level 5 in Hexes
  8950 | D:9      | Reached XP level 11. HP: 53/79 MP: 17/20
  9146 | D:9      | Learned a level 2 spell: Ensorcelled Hibernation
  9465 | D:10     | Entered Level 10 of the Dungeon
  9465 | D:10     | Noticed a deep elf zephyrmancer
  9465 | D:10     | Found a runed translucent door.
  9470 | D:10     | Noticed a sixfirhy
  9474 | D:10     | Noticed a spark wasp
  9475 | D:10     | Noticed a storm dragon
  9678 | D:10     | Found a runed translucent door.
  9679 | D:10     | Noticed a shock serpent
  9712 | D:10     | Found a staircase to the Orcish Mines.
  9715 | D:10     | Noticed a two-headed ogre
 10315 | D:10     | Killed a two-headed ogre
 10438 | D:10     | Found Niluock's Weapon Emporium.
 10514 | D:10     | Found a runed translucent door.
 10549 | D:10     | Found the +5 Storm Queen's Shield {shock, Fly rElec}
 10549 | D:10     | Noticed a spark wasp
 10579 | D:10     | Noticed a spark wasp
 10618 | D:10     | Found a runed translucent door.
 11026 | D:11     | Found a staircase to the Lair.
 11102 | D:11     | Found a shimmering altar of Xom.
 11131 | D:11     | Reached skill level 5 in Air Magic
 11207 | D:11     | Reached skill level 5 in Ice Magic
 11442 | D:11     | Noticed a cyan ugly thing
 11494 | D:11     | Bought the Directory of the Singularity and the Glacier for
                  | 300 gold pieces
 11498 | D:11     | Learned a level 3 spell: Ozocubu's Armour
 11500 | Lair:1   | Entered Level 1 of the Lair of Beasts
 11874 | Lair:1   | Learned a level 5 spell: Freezing Cloud
 12353 | Lair:1   | Noticed Maggie
 12364 | Lair:1   | Killed Maggie
 12365 | Lair:1   | Gained mutation: Your touch may irresistibly damage your
                  | foes and sap their willpower. [demonic ancestry]
 12365 | Lair:1   | Reached XP level 12. HP: 63/89 MP: 19/22
 12790 | Lair:2   | Gained mutation: You are frail. (-10% HP) [mutagenic glow]
 12896 | Lair:2   | Noticed an eight-headed hydra
 12927 | Lair:2   | Killed an eight-headed hydra
 13026 | Lair:2   | Noticed a five-headed hydra
 13034 | Lair:2   | Killed a five-headed hydra
 13436 | Lair:2   | Found a staircase to the Swamp.
 13456 | Lair:2   | Found a staircase to the Snake Pit.
 13727 | Lair:2   | Noticed Nergalle
 13759 | Lair:2   | Killed Nergalle
 14476 | Lair:3   | Noticed a death yak
 14476 | Lair:3   | Noticed a death yak
 14476 | Lair:3   | Noticed a death yak
 14476 | Lair:3   | Noticed a death yak
 14503 | Lair:2   | Killed a death yak
 14630 | Lair:3   | Noticed an eight-headed hydra
 14920 | Lair:2   | Killed a death yak
 14934 | Lair:2   | Killed a death yak
 15128 | Lair:3   | Killed an eight-headed hydra
 15172 | Lair:3   | Killed a death yak
 15173 | Lair:3   | Reached XP level 13. HP: 63/88 MP: 15/26
 15769 | Lair:3   | Reached skill level 10 in Short Blades
 15986 | Lair:3   | You fall into a shaft and drop 2 floors!
 15986 | Lair:5   | Entered Level 5 of the Lair of Beasts
 16119 | Lair:4   | Found a burning altar of Makhleb.
 16929 | Lair:4   | Reached skill level 10 in Spellcasting
 17548 | Lair:4   | Learned a level 2 spell: Blink
 17605 | Lair:5   | Reached skill level 1 in Translocations
 17611 | Lair:5   | Reached XP level 14. HP: 94/94 MP: 11/28
 18012 | Lair:5   | Reached skill level 10 in Conjurations
 18870 | Lair:5   | Noticed Rupert
 18946 | Lair:5   | Found a viscous altar of Jiyva.
 19005 | Lair:5   | Identified the +1 rapier of Contumacious Purpose {flame,
                  | Stlth+}
 19513 | D:11     | Bought a slimy orb for 476 gold pieces
 19513 | D:11     | Identified the orb of Kasost {*channel, rPois} (You bought
                  | it in a shop on level 11 of the Dungeon)
 19513 | D:11     | Bought a heavily jewelled robe for 193 gold pieces
 19513 | D:11     | Identified the +3 robe of Generosity {Dex+3} (You bought it
                  | in a shop on level 11 of the Dungeon)
 19526 | D:11     | Bought a potion of heal wounds for 185 gold pieces
 19526 | D:11     | Bought a scroll of identify for 74 gold pieces
 19526 | D:11     | Bought a scroll labelled JEPRASH JOLUV for 37 gold pieces
 19526 | D:11     | Bought a potion of curing for 111 gold pieces
 19584 | Orc:1    | Entered Level 1 of the Orcish Mines
 19898 | Orc:2    | Entered Level 2 of the Orcish Mines
 19905 | Orc:2    | Noticed an orc warlord
 21007 | D:12     | Noticed Azrael
 21014 | D:12     | Reached skill level 5 in Stealth
 21018 | D:12     | Killed Azrael
 21195 | D:12     | Gained mutation: You occasionally lose the ability to read
                  | scrolls when taking damage. [mutagenic glow]
 21221 | D:12     | Noticed Gastronok
 21230 | D:12     | Killed Gastronok
 21250 | D:12     | Lost mutation: You are frail. (-10% HP) [potion of
                  | mutation]
 21250 | D:12     | Lost mutation: You occasionally lose the ability to read
                  | scrolls when taking damage. [potion of mutation]
 21250 | D:12     | Gained mutation: You are agile. (Dex +4, Str/Int -1)
                  | [potion of mutation]
 21514 | D:13     | Found a bloodstained altar of Trog.
 21514 | D:13     | Found the +8 Wrath of Trog {antimagic, *Rage Rampage}
 21561 | D:13     | Reached XP level 15. HP: 65/113 MP: 5/29
 21615 | D:13     | Found a flickering gateway to a bazaar.
 21621 | Bazaar   | Entered a bazaar
 21621 | Bazaar   | Found Ecveco's General Store.
 21621 | Bazaar   | Found Fetaemm's Magic Scroll Shop.
 21621 | Bazaar   | Found Asta's Assorted Antiques.
 21621 | Bazaar   | Found Rips's Assorted Antiques.
 21874 | Bazaar   | Bought a scroll of amnesia for 48 gold pieces
 21874 | Bazaar   | Bought a scroll of enchant weapon for 90 gold pieces
 21874 | Bazaar   | Bought a scroll of silence for 114 gold pieces
 21888 | Bazaar   | Bought a potion of haste for 180 gold pieces
 21888 | Bazaar   | Bought a potion of curing for 54 gold pieces
 21888 | Bazaar   | Bought a scroll of teleportation for 54 gold pieces
 21888 | Bazaar   | Bought a scroll of identify for 36 gold pieces
 21978 | D:13     | Identified the +3 chain mail "Weumigor" {rF+ Dex+2}
 22050 | D:13     | Found a transporter.
 22233 | D:14     | Identified the +1 cloak "Siuwes" {-Cast rPois rC+ rCorr}
 22336 | D:14     | You fall into a shaft and drop 1 floor!
 22336 | D:15     | Entered Level 15 of the Dungeon
 22853 | D:14     | Found a gate to the Vaults.
 23052 | D:14     | Found Saihegy's Assorted Antiques.
 23366 | D:14     | Found an ornate altar of the Wu Jian Council.
 23795 | D:15     | Reached skill level 10 in Fighting
 23921 | D:15     | Noticed Agnes
 23928 | D:15     | Killed Agnes
 23929 | D:15     | Reached skill level 10 in Air Magic
 24726 | D:15     | Found a staircase to the Depths.
 24934 | Swamp:1  | Entered Level 1 of the Swamp
 25993 | Swamp:2  | Noticed Aizul
 26012 | Swamp:2  | Killed Aizul
 26331 | Swamp:2  | Noticed a fenstrider witch
 26339 | Swamp:2  | Killed a fenstrider witch
 26340 | Swamp:2  | Reached XP level 16. HP: 109/125 MP: 24/31
 27333 | Swamp:3  | Reached skill level 1 in Armour
 28206 | Swamp:4  | Entered Level 4 of the Swamp
 28239 | Swamp:4  | Noticed Mlioglotl
 28279 | Swamp:4  | Killed Mlioglotl
 28350 | Swamp:4  | HP: 4/126 [will-o-the-wisp/foxfire (11)]
 29074 | Swamp:4  | Noticed Nikola
 29090 | Swamp:4  | Killed Nikola
 29608 | Swamp:4  | Noticed a tentacled monstrosity
 29627 | Swamp:4  | Killed a tentacled monstrosity
 29825 | Swamp:4  | Got a decaying rune of Zot
 31121 | D:11     | Reached skill level 10 in Dodging
 31714 | Orc:2    | Gained mutation: When hurt, damage is shared between your
                  | health and your magic reserves. [demonic ancestry]
 31714 | Orc:2    | Reached XP level 17. HP: 108/133 MP: 3/33
 32745 | Orc:2    | Found a staircase to the Elven Halls.
 32922 | Orc:2    | Found Ponkefoc's Antique Weapon Emporium.
 32922 | Orc:2    | Found Vagapnei's Armour Boutique.
 32924 | Orc:2    | Found Gone's Antique Armour Shop.
 32926 | Orc:2    | Found Efaaps's Antique Armour Shoppe.
 32938 | Orc:2    | Bought a thick robe for 222 gold pieces
 32938 | Orc:2    | Identified the +1 robe of Anaesthesia {rPois} (You bought
                  | it in a shop on level 2 of the Orcish Mines)
 33184 | Snake:1  | Entered Level 1 of the Snake Pit
 37343 | Snake:4  | Entered Level 4 of the Snake Pit
 37345 | Snake:4  | Found Cidghil's Tremendous Tomes.
 37397 | Snake:4  | Noticed Mara
 37413 | Snake:4  | Killed Mara
 37558 | Snake:4  | Noticed Asterion
 37559 | Snake:4  | Upgraded the game from 0.31-a0-640-g39d97e5 to
                  | 0.31-a0-643-g9d45dd1
 37604 | Snake:4  | Reached skill level 1 in Fire Magic
 37712 | Snake:4  | Killed Asterion
 37793 | Snake:3  | Identified a scroll of acquirement
 37793 | Snake:3  | Acquired the scarf of the Slightly Bent {repulsion, rC+}
 37920 | D:11     | Bought a ring of protection from fire for 475 gold pieces
 38075 | Snake:4  | Noticed Kirke
 38087 | Snake:4  | Killed Kirke
 38698 | Snake:4  | Noticed a quicksilver dragon
 38702 | Snake:4  | Gained mutation: When seriously injured, your blood forms
                  | very thick armour. (AC +0) [demonic ancestry]
 38702 | Snake:4  | Reached XP level 18. HP: 143/143 MP: 22/35
 38858 | Snake:4  | Got a serpentine rune of Zot
 39157 | Snake:4  | Bought the Grimoire of Unstable Ashes for 1600 gold pieces
 39164 | Snake:4  | Learned a level 6 spell: Plasma Beam
 39527 | Vaults:1 | Entered Level 1 of the Vaults
 39764 | Vaults:1 | Reached skill level 1 in Shields
 40211 | Vaults:1 | Learned a level 3 spell: Tukima's Dance
 40783 | Vaults:1 | Paralysed by a formless jellyfish for 1 turns
 42715 | Vaults:2 | Reached skill level 5 in Fire Magic
 43707 | Vaults:2 | Found a runed translucent door.
 43707 | Vaults:2 | Noticed Muimask's ghost (adept HOFi)
 43775 | Vaults:2 | Found a staircase to the Crypt.
 44221 | Vaults:2 | Paralysed by a vampire knight for 4 turns
 44634 | Vaults:2 | Found Teimp's Distillery.
 44634 | Vaults:2 | Found Taqy's Antique Armour Emporium.
 44963 | Vaults:2 | Found Jatis's General Store.
 45320 | Vaults:2 | Gained mutation: Your magical and physical power is
                  | slightly enhanced at high health. [demonic ancestry]
 45320 | Vaults:2 | Reached XP level 19. HP: 80/149 MP: 4/37
 45565 | Vaults:3 | Reached skill level 5 in Shields
 48156 | Vaults:4 | Found Esun's Book Shoppe.
 48162 | Vaults:4 | Found Wezxaegh's Antique Armour Shop.
 48170 | Vaults:4 | Bought a smoking leather armour for 280 gold pieces
 48170 | Vaults:4 | Identified the +0 leather armour of Bitterness {Regen+
                  | Int+4 Stlth+} (You bought it in a shop on level 4 of the
                  | Vaults)
 48170 | Vaults:4 | Bought a runed cloak for 300 gold pieces
 48662 | Vaults:4 | Found Pulazxeddo's Armour Boutique.
 49976 | Vaults:3 | Noticed Jory
 50166 | Depths:1 | Entered Level 1 of the Depths
 50177 | Depths:1 | Reached skill level 15 in Conjurations
 50298 | Depths:1 | Found a gateway to Hell.
 50467 | Depths:1 | Gained mutation: You are mostly covered in sharp spines.
                  | [demonic ancestry]
 50467 | Depths:1 | Reached XP level 20. HP: 148/156 MP: 19/38
 50832 | D:11     | Bought a book of Annihilations for 600 gold pieces
 51139 | Depths:1 | Reached skill level 15 in Spellcasting
 51305 | Depths:1 | Found a blossoming altar of Fedhas.
 51470 | Depths:1 | Found a runed translucent door.
 51471 | Depths:1 | Noticed Ymenux's ghost (veteran MiCA)
 52797 | Depths:2 | Noticed a juggernaut
 52820 | Depths:2 | Killed a juggernaut
 52981 | Depths:2 | Noticed a golden dragon
 52999 | Depths:2 | Killed a golden dragon
 53295 | Depths:2 | Identified the +1 chain mail of Servitude {Rampage rElec
                  | rPois Slay-2}
 54723 | Depths:2 | Found a one-way gate leading to the halls of Pandemonium.
 54983 | Depths:3 | Found Gizeff's Distillery.
 55026 | Depths:3 | Reached XP level 21. HP: 101/162 MP: 23/40
 55083 | Depths:3 | Bought a potion of cancellation for 176 gold pieces
 55083 | Depths:3 | Bought a potion of might for 88 gold pieces
 55083 | Depths:3 | Bought 2 potions of heal wounds for 220 gold pieces
 55098 | Depths:3 | Reached skill level 15 in Air Magic
 55420 | Depths:3 | You fall into a shaft and drop 1 floor!
 55420 | Depths:4 | Entered Level 4 of the Depths
 55479 | Depths:4 | Noticed Saint Roka
 55496 | Depths:4 | Killed Saint Roka
 55722 | Depths:4 | Found Xosurphaass's Antique Armour Shoppe.
 56012 | Depths:3 | Noticed a golden dragon
 56051 | Depths:3 | Killed from afar by a golden dragon

Illustrated notes

Levels and vault maps discovered:
D:1:      dpeg_arrival_rhombus, layout_basic, serial_bayou, serial_bayou_pond_d,
          serial_bayou_lagoon_a, serial_bayou_pond_e, serial_bayou_pond_a,
          serial_bayou_shore_a
D:2:      layout_basic
D:3:      layout_basic, mainiacjoe_overflow_boulevard,
          dreamdust_ecumenical_altar_angels_and_demons, serial_shops, shop,
          gammafunk_ghost_grave, dk_noncrumbling_4, uniq_robin, uniq_terence,
          uniq_sigmund, uniq_jessica
D:4:      layout_loops_ring, mainiacjoe_overflow_chevrons, tgw_kikubaaqudgha
D:5:      layout_cave_pods, nicolae_dithmenos_the_darkroom,
          mainiacjoe_overflow_24_doors, nicolae_overflow_crystal_walls,
          minmay_temple_entry_stoned_glass, ebering_ghost_sewer_d
D:6:      dreamdust_elfheim, layout_basic, portal_sewer_entry_a
D:7:      layout_layer_cave, uniq_crazy_yiuf_cottage
D:8:      layout_rooms, jmf_multi_god_temple2, nicolae_phantomly_mirrored,
          uniq_psyche, uniq_prince_ribbit1
D:9:      layout_loops_ring, serial_glass, glass_columns_b, glass_columns_a,
          due_unseen_surprise, minmay_strange_pillars, minmay_strange_pillars
D:10:     layout_roguey [special_room_orc], david_orc_3, serial_shops, shop,
          nicolae_guarded_unrand_storm_shield
D:11:     layout_rooms, minmay_lair_entry_grove, led_xom_imps
D:12:     layout_roguey, grunt_ministairs_14, uniq_azrael, uniq_gastronok
D:13:     emtedronai_trogs_sanctum, layout_small_grid, serial_shops,
          bzr_entry_safe, worms_lemuel
D:14:     layout_long_grid, hellmonk_vaults_keyhole, solitary_fountain,
          serial_shops, shop, nzn_wu_jian_council_hall
D:15:     gammafunk_enter_depths_forms, layout_irregular_city, uniq_agnes
Lair:1:   layout_small_grid, wad_woods_03, uniq_maggie
Lair:2:   layout_regular_city, swamp_mist_pool,
          minmay_snake_entry_guardpost_small, forest_entry_grove, uniq_nergalle
Lair:3:   layout_big_grid, beast_lair_carwin_4, infiniplex_staircase_pool_2
Lair:4:   layout_regular_city, basic_altar, st_stairs_4,
          minmay_stone_trees_small
Lair:5:   gammafunk_lair_ancient_temple, layout_regular_city,
          minmay_slime_entry_oklob_open, serial_bayou_shore_b, uniq_rupert
Swamp:1:  layout_basic_swamp, evilmike_swamp_ruin_house_6
Swamp:2:  layout_falls_marsh, hangedman_swamp_ruin_wall, uniq_aizul
Swamp:3:  layout_basic_swamp, serial_swamp_ruin, evilmike_swamp_ruin_house_1,
          evilmike_swamp_ruin_house_5, evilmike_swamp_ruin_house_4, swamp_pool5
Swamp:4:  swamp_vile, layout_basic_swamp, uniq_nikola, uniq_mlioglotl
Snake:1:  layout_onion_interference
Snake:2:  layout_misc_corridors, drop_trap, grunt_megastairs_1
Snake:3:  layout_honeycomb
Snake:4:  hellmonk_snake_rune_quicksilver_temple, layout_cave_town,
          nicolae_shop_i_like_big_books, serial_bayou_lake_a, uniq_kirke,
          uniq_asterion, uniq_mara
Orc:1:    layout_caves, portal_ice_cave_entry_ice_simulacra, minmay_orc_temple_a
Orc:2:    st_orc_rangers, layout_caves
Vaults:1: nicolae_vaults_network_quinsquares
          [nicolae_vaults_network_quincunx_subvault,
          nicolae_vaults_network_quincunx_subvault,
          nicolae_vaults_network_quincunx_subvault,
          nicolae_vaults_network_quincunx_subvault], hangedman_vaults_slice,
          nicolae_vaults_windows_and_doors_thing,
          nicolae_vaults_door_testing_chamber, ontoclasm_vaults_shout,
          nicolae_vaults_stepped_doors, nicolae_vaults_storage_closets_1,
          vaults_dpeg_ring, layout_vaults_quadrants
Vaults:2: hellmonk_ghost_happy_afterlife, nicolae_vaults_tangram_2,
          nicolae_vaults_house_3, nicolae_vaults_arrows,
          nicolae_vaults_asterisk, hangedman_vaults_trim,
          vaults_mumra_chevron_long, minmay_crypt_entry_simple_corners,
          nicolae_vaults_three_branches, ontoclasm_vaults_eye,
          nicolae_vaults_house_3, nicolae_vaults_bisected_exclaves,
          hangedman_vaults_hard_town_square, layout_vaults_maze
Vaults:3: mu_enter_wizlab_1, nicolae_vaults_little_squares_2,
          hangedman_vaults_impose, vaults_mumra_chevron,
          dpeg_vaults_monster_row, v_alt_pattern_3, ontoclasm_vaults_ring_small,
          hangedman_vaults_nails, hangedman_vaults_capsules,
          ontoclasm_vaults_ligature, grunt_vaults_funnel, layout_vaults_ring,
          uniq_jory
Vaults:4: grunt_vaults_bifocal, grunt_vaults_trifunnel,
          nicolae_vaults_closet_pinwheel_2, vaults_room_pools,
          vaults_mumra_hexcomb, ontoclasm_vaults_gallery,
          nicolae_vaults_alarming, ontoclasm_vaults_chip,
          nicolae_vaults_diamond_1, vaults_room_semicircle,
          nicolae_vaults_variable_pillar_hall,
          nicolae_vaults_storage_room_glass, nicolae_vaults_diamond_2,
          nicolae_vaults_surprise_closet, layout_vaults_big_room, serial_shops,
          nicolae_shop_scrapyard, shop, shop
Depths:1: layout_basic, serial_glass, glass_columns_c, glass_columns_b,
          glass_columns_c, glass_columns_a, glass_columns_a, glass_columns_a,
          glass_columns_a, glass_columns_a,
          muffindrake_ghost_three_little_ghosts, fedhas_altar_fruit_tree,
          hell_entry, minmay_misc_feat_cross, interstate_on_off
Depths:2: hangedman_grunt_twisty_little_passages, layout_cave_shapes,
          rand_demon_pan_entry_9, hangedman_tar_grid_catacomb,
          hangedman_abyss_or_decor_clamps
Depths:3: minmay_blocking_statues, layout_cave_shapes, enter_ziggurat_b,
          serial_shops, shop, abyss_entry, grunt_hell_entry_dis_grunt,
          serial_bayou_lagoon_b, infiniplex_staircase_pillars_2, uniq_norris
Depths:4: evilmike_zot_entry_hall, layout_basic, hell_entry, serial_shops, shop,
          shop, nicolae_shop_gaudy_bauble, hangedman_decor_peaks_small,
          uniq_saint_roka

Skill      XL: |  1  2  3  4  5  6  7  8  9 10 11 12 13 14 15 16 17 18 19 20 21 |
---------------+----------------------------------------------------------------+-----
Summonings     | 1 2 3 4 5 6 7 |  7.0
Spellcasting   | 3 4 5 6 7 9 10 11 12 13 14 15 16 | 16.0
Short Blades   | 1 2 4 5 6 8 9 10 | 10.0
Dodging        | 2 3 5 6 8 10 11 | 11.2
Fighting       | 1 3 5 6 8 9 11 12 13 | 13.0
Hexes          | 2 3 5 |  5.0
Ice Magic      | 1 4 5 6 7 8 |  8.2
Air Magic      | 1 4 5 6 7 9 10 11 12 13 14 15 | 15.2
Conjurations   | 6 7 8 9 11 13 14 15 16 | 16.6
Stealth        | 2 5 6 |  6.0
Translocations | 1 3 |  3.6
Armour         | 4 |  4.0
Fire Magic     | 2 5 7 8 |  8.0
Shields        | 4 7 9 |  9.9

Action                     |  1- 3 |  4- 6 |  7- 9 | 10-12 | 13-15 | 16-18 | 19-21 || total
---------------------------+-------+-------+-------+-------+-------+-------+-------++-------
  Melee: Spear             |    34 |    23 |       |       |       |       |       ||    57
         Touch             |       |     6 |     8 |    81 |    81 |   129 |   130 ||   435
         Punch             |       |     1 |     2 |     2 |     3 |    11 |    13 ||    32
         Short sword       |       |    49 |    61 |   342 |   351 |   526 |   561 ||  1890
   Cast: Magic Dart        |    50 |    63 |   316 |   329 |   470 |   628 |   288 ||  2144
         Summon Small Mamm |     4 |     8 |     8 |     8 |       |       |     2 ||    30
         Searing Ray       |       |     8 |     5 |    20 |     3 |    20 |     1 ||    57
         Call Canine Famil |       |     4 |    34 |    70 |   117 |   107 |    42 ||   374
         Summon Guardian G |       |       |       |    21 |    24 |     7 |    18 ||    70
         Ensorcelled Hiber |       |       |       |     5 |     1 |       |       ||     6
         Ozocubu's Armour  |       |       |       |     8 |    27 |    68 |    56 ||   159
         Freezing Cloud    |       |       |       |     7 |   190 |   364 |   217 ||   778
         Blink             |       |       |       |       |       |     6 |     4 ||    10
         Tukima's Dance    |       |       |       |       |       |    42 |    34 ||    76
         Plasma Beam       |       |       |       |       |       |     1 |    72 ||    73
 Invoke: Call Merchant     |       |       |       |     2 |     3 |       |       ||     5
         Potion Petition   |       |       |       |       |     1 |     7 |     8 ||    16
  Evoke: Wand              |       |       |       |       |     2 |     4 |     7 ||    13
         Phantom mirror    |       |       |       |       |       |       |     1 ||     1
    Use: Scroll            |       |       |     6 |     8 |    11 |    13 |     4 ||    42
         Potion            |       |       |       |       |    10 |    20 |    13 ||    43
   Stab: Sleeping          |     1 |     1 |       |     1 |     6 |     4 |     1 ||    14
         Distracted        |       |       |       |     1 |     6 |     5 |     7 ||    19
         Invisible         |       |       |       |       |       |     2 |       ||     2
 Armour: Robe              |     2 |    12 |     5 |    56 |    54 |   121 |    29 ||   279
         Leather armour    |       |       |       |       |       |       |    86 ||    86
         Skin              |       |       |       |       |       |       |     8 ||     8
  Dodge: Dodged            |    17 |    65 |   104 |   239 |   227 |   519 |   301 ||  1472
         Repelled          |       |       |       |       |       |    12 |     8 ||    20

Table legend: (Time is in decaauts)
 A = Elapsed time spent in this place.
 B = Non-inter-level travel time spent in this place.
 C = Inter-level travel time spent in this place.
 D = Time resting spent in this place.
 E = Time spent auto-exploring this place.
 F = Levels seen in this place.
 G = Mean time per level.
                   A        B        C        D        E       F      G
               +--------+--------+--------+--------+--------+-----+--------+
         Total |  55591 |  52071 |   3520 |   6215 |  34318 |  40 | 1389.8 |
       Dungeon |  16984 |  15714 |   1270 |   1154 |  11318 |  15 | 1132.3 |
          Lair |   8557 |   7646 |    911 |    584 |   5445 |   5 | 1711.4 |
         Swamp |   6054 |   5831 |    223 |    815 |   3904 |   4 | 1513.5 |
     Snake Pit |   5774 |   5359 |    415 |   1249 |   2768 |   4 | 1443.5 |
  Orcish Mines |   2108 |   2074 |     34 |    632 |    917 |   2 | 1054.0 |
        Vaults |  10330 |  10010 |    320 |   1285 |   6528 |   4 | 2582.5 |
        Depths |   5413 |   5069 |    344 |    494 |   3181 |   4 | 1353.2 |
        Bazaar |    274 |    274 |      0 |      0 |    207 |   1 |  274.0 |
         Sewer |     92 |     92 |      0 |      0 |     48 |   1 |   92.0 |
               +--------+--------+--------+--------+--------+-----+--------+

Top non-repeatable levels by time:
Vaults:2: 3470 daAuts
Depths:2: 3047 daAuts
Vaults:1: 2738 daAuts
 Swamp:4: 2648 daAuts
  Lair:2: 2643 daAuts
Vaults:3: 2331 daAuts
 Snake:2: 1991 daAuts
  Lair:5: 1919 daAuts
Vaults:4: 1789 daAuts
    D:15: 1709 daAuts
     D:7: 1639 daAuts
  Lair:1: 1585 daAuts
  Lair:4: 1440 daAuts
   Orc:2: 1378 daAuts
     D:9: 1377 daAuts
